 Dungeon Crawl Stone Soup version 0.30.1-9-gdf580d7c3d (webtiles) character file.

Game seed: 9122954885674625545

27 Peloso the Covered (level 2, 27/27 HPs)
             Began as a Minotaur Fighter on Oct 20, 2023.
             Got out of the dungeon alive.
             The game lasted 00:00:39 (352 turns).

Peloso the Covered (Minotaur Fighter)                Turns: 352, Time: 00:00:40

Health: 27/27      AC:  7    Str: 20    XL:     2   Next: 93%
Magic:  1/1        EV:  9    Int:  5    God:
Gold:   43         SH:  4    Dex:  9    Spells: 1/1 levels left

rFire   . . .        a - +0 long sword
rCold   . . .        c - +0 buckler
rNeg    . . .        b - +0 scale mail
rPois   .            (helmet unavailable)
rElec   .            (no cloak)
rCorr   .            (no gloves)
SInv    .            (no boots)
Will    +....        (no amulet) Stlth
                     (no ring)
HPRegen 0.24/turn    (no ring)
MPRegen 0.07/turn

%: no passive effects
@: no status effects
A: horns 3, retaliatory headbutt, strong-willed 1, no potion heal 1
a: no special abilities


You escaped.
You visited 1 branch of the dungeon, and saw 1 of its levels.

You collected 43 gold pieces.

Inventory:

Hand Weapons
 a - a +0 long sword (weapon)
Armour
 b - a +0 scale mail (worn)
 c - a +0 buckler (worn)
Scrolls
 e - a scroll of identify {unknown}
Potions
 d - 2 potions of might


   Skills:
 + Level 4.1 Fighting
 + Level 2.7 Long Blades
 + Level 4.1 Armour
 + Level 4.0 Shields


You had one spell level left.
You didn't know any spells.
Your spell library contained the following spells:

 Spells                   Type           Power      Damage    Failure   Level
 Necrotise                Necr           0%         1d4       88%         1
 Vampiric Draining        Necr           0%         2d6       99%         3
 Agony                    Necr           0%         N/A       100%        5


Dungeon Overview and Level Annotations

Branches:
Dungeon (1/15)

Altars:


Innate Abilities, Weirdness & Mutations

You have a pair of large horns on your head.
You reflexively headbutt those who attack you in melee.
You are strong-willed. (Will+)
Potions are less effective at restoring your health.


Message History

Found a ring mail.
You now have 41 gold pieces (gained 14).
e - a scroll labelled ZYAFIA AMNEOHILLU A quokka comes into view.
You see here a fizzy grey potion.
A quokka is nearby!
The quokka bites you but does no damage.
You completely miss the quokka. The quokka bites you.
The quokka closely misses you.
You closely miss the quokka. The quokka closely misses you.
The quokka barely misses you.
You slash the quokka!
You kill the quokka!
f - a fizzy grey potion You see here a +0 dagger.
You see here a rat corpse.
You now have 43 gold pieces (gained 2).
Found a stone staircase leading down.
An endoplasm comes into view.
Found 3 gold pieces.
The endoplasm quivers.
An endoplasm is nearby!
An endoplasm is nearby!
An endoplasm is nearby!
The endoplasm hits you.
You barely miss the endoplasm.
The endoplasm hits you but does no damage.
You hit the endoplasm.
You kill the endoplasm!
It was a potion of mutation.
You feel extremely strange.
You feel strong-willed. The horns on your head grow some more.
Your system partially rejects the healing effects of potions.
(D) Dungeon
Where to? (? - help)
What level of the Dungeon? (default 1, ? - help)
You open the door.
There is an open door here.
There is a staircase leading out of the dungeon here.
Are you sure you want to leave the Dungeon?
This will make you lose the game!
You have escaped!

....# #.#........#.# ....#
#.##########.# ....#
#.....†(.....# ....#
#####'################
#.###
#.........#...........
#..###
#.........#.#########.
##...## #..⌠...⌠..#.# #.
###..######.........#.####
#.
##..##..'....@....+....#
#. ##.##.##..(......####.#
#. ##.##.##..⌠...⌠..# #.#
## #......#.........# #.#
###......#.........#
#.#######
#.........#####+######
#........
#....................#
#########
#.........##########.##
#.........# #..#


There were no monsters in sight!

Vanquished Creatures
  A gnoll (D:1)
  3 ball pythons (D:1)
  3 endoplasms (D:1)
  A goblin (D:1)
  2 hobgoblins (D:1)
  A quokka (D:1)
  3 kobolds (D:1)
  A rat (D:1)
15 creatures vanquished.

Notes
Turn   | Place    | Note
-------+----------+-------------------------------------------
     0 | D:1      | Peloso the Minotaur Fighter began the quest for the Orb.
     0 | D:1      | Reached XP level 1. HP: 19/19 MP: 0/0
    16 | D:1      | Found a faded altar of an unknown god.
    45 | D:1      | Reached XP level 2. HP: 18/27 MP: 1/1
   319 | D:1      | Gained mutation: You are strong-willed. (Will+) [potion of
                  | mutation]
   319 | D:1      | Gained mutation: You have a pair of large horns on your
                  | head. [potion of mutation]
   319 | D:1      | Gained mutation: Potions are less effective at restoring
                  | your health. [potion of mutation]
   352 | D:$      | Got out of the dungeon alive.

Illustrated notes

Levels and vault maps discovered:
D:1:      mushboom_english_gardens, layout_basic, basic_ecumenical_altar,
          minmay_pentomino_u4

Skill      XL: |  1  2 |
---------------+-------+-----
Armour         | 4 |  4.1
Fighting       | 4 |  4.1
Shields        | 4 |  4.0
Long Blades    | |  2.7

Action                     || total
---------------------------++-------
  Melee: Long sword        ||    23
         Headbutt          ||     4
    Use: Potion            ||     2
 Armour: Scale mail        ||    14
  Dodge: Dodged            ||     9
  Block: Buckler           ||     2
